 Dungeon Crawl Stone Soup version 0.29.1-15-g9cfb28693d (webtiles) character file.

Game seed: 10014136537366905379

232 javelincjr the Magician (level 6, -4/46 HPs)
             Began as a Djinni Conjurer on Mar 20, 2023.
             Was a Believer of Dithmenos.
             Shot with an arrow by a centaur (12 damage)
             ... on level 4 of the Dungeon.
             The game lasted 00:09:03 (3752 turns).

javelincjr the Magician (Djinni Conjurer)           Turns: 3752, Time: 00:09:04

Health: -4/46      AC:  3    Str:  8    XL:     6   Next: 25%
Gold:   220        EV:  6    Int: 20    God:    Dithmenos [**....] SH:  0 Dex: 11

rFire   + + .      SeeInvis .   j - +0 dagger (holy)
rCold   x . .      Faith    .   (no shield)
rNeg    . . .      Spirit   .   a - +0 robe
rPois   ∞          Reflect  .   r - +0 helmet
rElec   .          Harm     .   (no cloak)
rCorr   .          Rampage  .   (no gloves)
Will    .....                   (boots unavailable)
Stlth   ++........              (no amulet)
HPRegen 0.15/turn               (no ring)
MPRegen 0.00/turn               (no ring)

@: weakened, flying, held, hasted, wreathed by umbra, very quick
A: sickness immunity, fire resistance 2, cold vulnerability 1, float, innate
caster, HP casting, extra vitality 1
a: Renounce Religion, Shadow Step


You were on level 4 of the Dungeon.
You worshipped Dithmenos.
Dithmenos was pleased with you.
You visited 1 branch of the dungeon, and saw 4 of its levels.

You collected 220 gold pieces.

Inventory:

Hand Weapons
 g - a +0 dagger
 h - a +3 vorpal flail
 j - a +0 dagger of holy wrath (weapon)
 m - a +2 spear of flaming
 o - a +1 vampiric dagger
Armour
 a - a +0 robe (worn)
 r - a +0 helmet (worn)
Magical Staves
 l - a staff of poison
Jewellery
 p - a +4 ring of slaying
Scrolls
 c - 2 scrolls of brand weapon {unknown}
 d - a scroll of fear {unknown}
 i - 3 scrolls of identify {unknown}
 k - a scroll of poison {unknown}
 q - a scroll of enchant armour {unknown}
 s - a scroll of enchant weapon {unknown}
Potions
 b - a potion of haste
 e - a potion of lignification {unknown}
 f - a potion of might {unknown}
 n - a potion of degeneration {unknown}


   Skills:
 * Level 3.0 Fighting
 + Level 3.6 Dodging
 + Level 2.9 Stealth
 + Level 3.8 Spellcasting


You couldn't memorise any spells.
You knew the following spells:

 Your Spells              Type           Power      Damage    Failure   Level
a - Magic Dart            Conj           76%        1d6       2%          1
b - Searing Ray           Conj           38%        2d5       4%          2
c - Dazzling Flash        Conj/Hex       38%        N/A       8%          3
d - Fulminant Prism       Conj/Hex       9%         3d7       26%         4
e - Iskenderun's Mystic   Conj/Tloc      19%        2d6       26%         4
f - Foxfire               Conj/Fire      76%        2x1d7     2%          1
g - Poisonous Vapours     Pois/Air       38%        N/A       4%          2
Your spell library was empty.

Dungeon Overview and Level Annotations

Branches:
Dungeon (4/15)
 Temple: D:4-7

Altars:
Dithmenos


Innate Abilities, Weirdness & Mutations

You are immune to sickness and miasma.
You are immune to poison.
Your flesh is very heat resistant. (rF++)
You are vulnerable to cold. (rC-)
You float through the air rather than walking.
You learn spells naturally, not from books.
Your magical power is your life essence.
You have superior vitality. (+4 MHP)


Message History

A gnoll comes into view. It is wielding a +0 spear.
Your foxfire dissipates!
A gnoll comes into view. It is wielding a +0 whip.
The foxfire hits the centaur.
The centaur is severely wounded.
You conjure some foxfire!
You conjure some foxfire!
The centaur shoots an arrow.
The arrow hits you!
The centaur shoots an arrow.
The arrow hits you.
A gnoll bouda comes into view. It is wielding a +0 club.
You are too injured to fight recklessly!
The foxfire hits the centaur but does no damage.
The centaur is severely wounded.
The foxfire hits the centaur but does no damage.
The centaur is severely wounded.
The foxfire hits the centaur but does no damage.
The centaur is severely wounded.
The foxfire hits the centaur.
The centaur is severely wounded.
The gnoll bouda barks out a call to the hunt!
The gnolls pick up the pace!
The centaur shoots an arrow.
The arrow misses you.
Casting: Foxfire (safe; 2% risk of failure)
Confirm with . or Enter, or press ? or * to list all spells.
You conjure some foxfire!
The foxfire hits the centaur.
The centaur is severely wounded.
The foxfire hits the centaur.
The centaur is almost dead.
The centaur shoots an arrow.
The arrow hits you!
* * * LOW HITPOINT WARNING * * *
The centaur shoots an arrow.
The arrow barely misses you.
Your magical contamination has completely faded away.
The gnoll throws a throwing net.
The throwing net hits you.
You become entangled in the net!
The gnoll bouda gazes fiercely through you!
You feel your attacks grow feeble.
You see here a throwing net.
It was a potion of haste.
You feel yourself speed up.
The centaur shoots an arrow.
The arrow hits you!
You die...

..#. ... ... . ##..###
..# .# #######...... ..
g[. #......##.#.## ##.
.#.# #............# #.#
...#
#...)........###.#....#
#............#.c.g....#
#.<.........@..gg#....#
#...........##...# .....
#................# ?...
#......#+##.##..[# ...
#.........#.##..... ..
########.....##.##...#.#
.
.......'.................
########.....#.......#...
#.....+.........


You could see a centaur and 3 gnolls.

Vanquished Creatures
  2 jellies (D:4)
  An orc priest (D:3)
  Jessica (D:2)
  Terence (D:2)
  2 adders
  2 dart slugs (D:1)
  3 orcs (D:3)
  8 endoplasms
  4 giant cockroaches
  4 hobgoblins
  6 jackals
  A quokka (D:2)
  5 ball pythons
  9 bats
  3 frilled lizards
  7 goblins
  4 kobolds
  5 rats
68 creatures vanquished.

Vanquished Creatures (others)
  102 foxfires
102 creatures vanquished.

Grand Total: 170 creatures vanquished

Notes
Turn   | Place    | Note
-------+----------+-------------------------------------------
     0 | D:1      | javelincjr the Djinni Conjurer began the quest for the Orb.
     0 | D:1      | javelincjr set off with the following spells memorised:
                  | Magic Dart, Searing Ray, Dazzling Flash, Fulminant Prism,
                  | Iskenderun's Mystic Blast.
     0 | D:1      | Reached XP level 1. HP: 15/15 MP: 0/0
   428 | D:1      | Reached XP level 2. HP: 18/21 MP: 0/0
   708 | D:1      | Found a faded altar of an unknown god.
   714 | D:1      | Prayed at the altar of an unknown god.
   714 | D:1      | Became a worshipper of Dithmenos the Shadowed
   714 | D:1      | Reached * piety under Dithmenos
   856 | D:1      | Reached XP level 3. HP: 24/25 MP: 0/0
   856 | D:1      | Learned a level 1 spell: Foxfire
  1272 | D:2      | Noticed Terence
  1287 | D:2      | Killed Terence
  1288 | D:2      | Reached skill level 1 in Fighting
  1288 | D:2      | Reached XP level 4. HP: 1/32 MP: 0/0
  2278 | D:2      | Noticed Jessica
  2282 | D:2      | Killed Jessica
  2467 | D:3      | Reached XP level 5. HP: 35/38 MP: 0/0
  2467 | D:3      | Learned a level 2 spell: Poisonous Vapours
  2826 | D:3      | Reached ** piety under Dithmenos
  3696 | D:4      | Reached XP level 6. HP: 42/45 MP: 0/0
  3752 | D:4      | Shot with an arrow by a centaur

Illustrated notes

Levels and vault maps discovered:
D:1:      minmay_arrival_five_plusses, layout_basic,
          dreamdust_ecumenical_altar_angels_and_demons
D:2:      layout_basic, minivault_4, uniq_terence, uniq_jessica
D:3:      layout_loops_ring, dk_noncrumbling_2
D:4:      layout_basic, minmay_temple_entry_glassed_door, st_stairs_10

Skill      XL: |  1  2  3  4  5  6 |
---------------+-------------------+-----
Stealth        | 2 |  2.9
Fighting       | 1 2 3 |  3.0
Dodging        | 3 |  3.6
Spellcasting   | |  3.8

Action                   |  1- 3 |  4- 6 || total
-------------------------+-------+-------++-------
Melee: Dagger            |       |    44 ||    44
       Flail             |       |     5 ||     5
 Cast: Magic Dart        |    41 |     3 ||    44
       Searing Ray       |     2 |     7 ||     9
       Foxfire           |       |    64 ||    64
       Poisonous Vapours |       |     1 ||     1
  Use: Potion            |       |     1 ||     1
Armor: Robe              |     2 |    16 ||    18
Dodge: Dodged            |     7 |    62 ||    69
